 Dungeon Crawl Stone Soup version 0.31.0-32-g396128a36d (webtiles) character file.

Game seed: 4533058343816144419

198 booth the Chopper (level 5, -3/41 HPs)
             Began as a Demonspawn Gladiator on Apr 16, 2024.
             Killed from afar by Natasha (6 damage)
             ... with a magic dart
             ... on level 3 of the Dungeon.
             The game lasted 00:09:09 (2359 turns).

booth the Chopper (Demonspawn Gladiator)            Turns: 2359, Time: 00:09:10

Health: -3/41      AC:  4    Str: 14    XL:     5   Next: 47%
Magic:  5/5        EV: 12    Int: 10    God:
Gold:   141        SH:  0    Dex: 15    Spells: 4/4 levels left

rFire   . . .        a - +0 war axe
rCold   . . .        (no shield)
rNeg    . . .        b - +0 leather armour
rPois   .            c - +0 helmet
rElec   .            (no cloak)
rCorr   .            (no gloves)
SInv    .            (no boots)
Will    .....        (no amulet)
Stlth   +            (no ring)
HPRegen 0.26/turn    (no ring)
MPRegen 0.09/turn

%: no passive effects
@: no status effects
A: hooves 1, foul stench 1, demonic touch 1
a: no special abilities


You were on level 3 of the Dungeon.
You visited 1 branch of the dungeon, and saw 4 of its levels.

You collected 141 gold pieces.

Inventory:

Hand Weapons
 a - a +0 war axe (weapon)
 g - a +0 vampiric hand axe
Missiles
 d - 3 throwing nets
 e - a javelin
 k - 2 boomerangs (quivered)
Armour
 b - a +0 leather armour (worn)
 c - a +0 helmet (worn)
Wands
 p - a wand of roots (4)
Scrolls
 f - a scroll of vulnerability
 i - a scroll of teleportation
 j - a scroll of silence
 l - 2 scrolls of noise
 m - a scroll of immolation {unknown}
Potions
 h - a potion of heal wounds
 n - a potion of enlightenment {unknown}
 o - a potion of mutation {unknown}


   Skills:
 + Level 3.3 Fighting
 * Level 4.3 Axes
 + Level 3.0 Throwing
 - Level 2.8 Dodging


You had 4 spell levels left.
You didn't know any spells.
Your spell library contained the following spells:

 Spells                   Type           Power      Damage    Failure   Level
 Gell's Gravitas          Tloc           0%         N/A       82%         3
 Teleport Other           Tloc           0%         N/A       82%         3
 Dispersal                Tloc           0%         N/A       100%        6


Dungeon Overview and Level Annotations

Branches:
Dungeon (4/15)
 Temple: D:4-7

Altars:
Fedhas

Annotations:
D:3 Natasha, Sigmund


Innate Abilities, Weirdness & Mutations

You have large cloven feet.
You may rarely emit foul miasma when damaged in melee.
Your touch may inflict minor irresistible damage on your foes.


Message History

Natasha screams in fury as she dies!
The bat barely misses you.
Sigmund mumbles some strange words.
Sigmund flickers and vanishes!
Deactivating autopickup; reactivate with Ctrl-A.
Your Throwing skill increases to level 3!
You slash the goblin!
You kill the goblin!
The bat barely misses you. The bat closely misses you.
The bat hits you but does no damage. Something hits you but does no damage.
Things that are here:
11 gold pieces; a +0 dagger; the felid corpse of Natasha You slash the bat!
You kill the bat!
You completely miss something. Something hits you.
Natasha, Servant of Life and Death comes into view.
Natasha hisses angrily.
You hear some strange, mumbled words.
Something tries to affect you, but you resist.
Something hits you but does no damage.
You see here a +0 short sword.
Natasha claws you but does no damage.
You hit Natasha. You kick Natasha. Your touch misses Natasha.
Natasha is heavily wounded.
Natasha claws you. Something hits you!
* * * LOW HITPOINT WARNING * * *
You hit Natasha. Your kick misses Natasha.
Natasha is severely wounded.
Natasha claws you.
* * * LOW HITPOINT WARNING * * *
You hear some strange, mumbled words.
Something tries to affect you, but you resist.
Natasha claws you but does no damage.
You see here a +0 short sword.
Something barely misses you.
Natasha stares at you and mumbles some strange words.
The magic dart hits you.
You die...
Natasha curls up and begins to purr.

#. #......# #..#......# .
#..#......##########
...##.#......##.......#
..b...†......##.......####
#..## #..........# # ##.†#
#.......##.# # ##$####
#...(..###'### #..)@#
#<.....#..#...
####h#######..#..#...
#.....####.'..'###
####.....###..#.+.
#.......#..#.#.
#.......+##+.#.
#....†#.#..#.#.
#(....#.#..#.+.
#.....#.'..+###


You could see Natasha.

Vanquished Creatures
  A bullfrog (D:3)
  Natasha (D:3)
  3 gnolls (D:3)
  2 adders (D:2)
  4 dart slugs
  A ribbon worm (D:2)
  9 endoplasms
  2 giant cockroaches (D:1)
  4 goblins
  3 hobgoblins
  7 quokkas
  4 ball pythons
  2 bats
  A frilled lizard (D:2)
  3 kobolds
  6 rats
53 creatures vanquished.

Notes
Turn   | Place    | Note
-------+----------+-------------------------------------------
     0 | D:1      | booth the Demonspawn Gladiator began the quest for the Orb.
     0 | D:1      | Reached XP level 1. HP: 16/16 MP: 1/1
   132 | D:1      | Discovered your monstrous ancestry.
   132 | D:1      | Gained mutation: Your touch may inflict minor irresistible
                  | damage on your foes. [demonic ancestry]
   132 | D:1      | Reached XP level 2. HP: 9/22 MP: 2/2
   214 | D:1      | Reached skill level 3 in Axes
   755 | D:2      | Gained mutation: You may rarely emit foul miasma when
                  | damaged in melee. [demonic ancestry]
   755 | D:2      | Reached XP level 3. HP: 22/28 MP: 3/3
   803 | D:2      | You fall into a shaft and drop 2 floors!
  1062 | D:3      | Noticed a bullfrog
  1068 | D:3      | Killed a bullfrog
  1069 | D:3      | Reached skill level 4 in Axes
  1069 | D:3      | Gained mutation: You have large cloven feet. [demonic
                  | ancestry]
  1069 | D:3      | Reached XP level 4. HP: 23/35 MP: 4/4
  1276 | D:2      | Reached XP level 5. HP: 41/41 MP: 5/5
  2265 | D:3      | Found a blossoming altar of Fedhas.
  2338 | D:3      | Noticed Natasha
  2341 | D:3      | Noticed Sigmund
  2348 | D:3      | Killed Natasha
  2353 | D:3      | Noticed Natasha
  2359 | D:3      | Killed from afar by Natasha

Illustrated notes

Levels and vault maps discovered:
D:1:      enne_arrival_octagon_isle, layout_rooms
D:2:      layout_basic
D:3:      layout_basic, nicolae_wu_jian_immortal_techniques,
          mainiacjoe_overflow_24_doors, uniq_natasha, uniq_sigmund
D:4:      layout_basic, nicolae_ossuary_entry_catacombs, portal_sewer_entry_b,
          uniq_duvessa, uniq_eustachio

Skill      XL: |  1  2  3  4  5 |
---------------+----------------+-----
Throwing       | 2 3 |  3.0
Axes           | 3 4 |  4.3
Fighting       | 3 |  3.3
Dodging        | |  2.8

Action                     |  1- 3 |  4- 6 || total
---------------------------+-------+-------++-------
  Melee: War axe           |    69 |    41 ||   110
         Touch             |     9 |     5 ||    14
         Kick              |       |     9 ||     9
         Punch             |       |     1 ||     1
  Throw: Boomerang         |     1 |       ||     1
    Use: Scroll            |     5 |     1 ||     6
         Potion            |       |     1 ||     1
 Armour: Leather armour    |    45 |    30 ||    75
  Dodge: Dodged            |    50 |    23 ||    73
